 Dungeon Crawl Stone Soup version 0.29.1-2-gbd0b4ee654 (webtiles) character file.

Game seed: 516969703805657786

3246 funnyparkerb the Skirmisher (level 10, -3/76 HPs)
             Began as a Formicid Hunter on Nov 17, 2022.
             Slain by a swamp worm (13 damage)
             ... on level 8 of the Dungeon.
             The game lasted 00:22:47 (9011 turns).

funnyparkerb the Skirmisher (Formicid Hunter)       Turns: 9011, Time: 00:22:47

Health: -3/76      AC: 10    Str: 16    XL:     10   Next: 18%
Magic:  17/17      EV: 12    Int: 15    God:
Gold:   442        SH:  0    Dex: 21    Spells: 13/19 levels left

rFire   . . .      SeeInvis +   a - +4 shortbow
rCold   + . .      Faith    .   (no shield)
rNeg    . . .      Spirit   .   r - +0 steam dragon scales
rPois   .          Reflect  .   (helmet unavailable)
rElec   .          Harm     .   l - +0 cloak {Will+}
rCorr   .          Rampage  .   d - +2 pair of gloves of Dyspraxia {rC+}
Will    ++...                   (no boots)
Stlth   ++........              (no amulet)
HPRegen 0.22/turn               i - +6 ring of intelligence
MPRegen 0.15/turn               (no ring)

@: no status effects
A: permanent stasis, dig shafts and tunnels, antennae 3, four strong arms
a: Dig, Shaft Self


You were on level 8 of the Dungeon.
You visited 2 branches of the dungeon, and saw 9 of its levels.

You collected 442 gold pieces.

Inventory:

Hand Weapons
 a - a +4 shortbow (weapon)
Missiles
 t - 3 boomerangs
Armour
 d - the +2 pair of gloves of Dyspraxia (worn) {rC+}
   (You acquired it on level 5 of the Dungeon)

   rC:        It protects you from cold.
 j - a +2 chain mail of poison resistance
 l - a +0 cloak of willpower (worn)
 r - +0 steam dragon scales (worn)
Jewellery
 i - a +6 ring of intelligence (left hand)
Wands
 h - a wand of flame (22)
 s - a wand of paralysis (12)
Scrolls
 b - 3 scrolls of immolation
 c - 2 scrolls of torment
 e - 2 scrolls of vulnerability
 g - 6 scrolls of identify
 o - a scroll of magic mapping
 p - a scroll of noise
 q - a scroll of enchant armour
Potions
 f - a potion of mutation
 k - a potion of flight
 m - a potion of curing
 n - 2 potions of brilliance


   Skills:
 + Level 6.3 Fighting
 + Level 8.3 Ranged Weapons
 + Level 5.6 Armour
 - Level 1.7 Dodging
 - Level 1.2 Stealth
 - Level 5.0 Spellcasting
 - Level 5.0 Hexes
 - Level 5.0 Translocations


You had 13 spell levels left.
You knew the following spells:

 Your Spells              Type           Power      Damage    Failure   Level
a - Portal Projectile     Hex/Tloc       36%        N/A       6%          3
b - Tukima's Dance        Hex            18%        N/A       6%          3

Your spell library contained the following spells:

 Spells                   Type           Power      Damage    Failure   Level
 Foxfire                  Conj/Fire      12%        2x1d4     16%         1
 Inner Flame              Hex/Fire       11%        N/A       17%         3
 Conjure Flame            Conj/Fire      3%         6-21      43%         3
 Flame Wave               Conj/Fire      3%         2d5       85%         4
 Blade Hands              Tmut           1%         N/A       99%         5


Dungeon Overview and Level Annotations

Branches:
Dungeon (8/15)             Temple (1/1) D:5
   Lair: D:8-11

Altars:
Ashenzari
Cheibriados
Dithmenos
Elyvilon
Fedhas
Gozag
Hepliaklqana
Kikubaaqudgha
Makhleb
Qazlal
Ru
Sif Muna
Trog
Uskayaw
Vehumet
Xom
Yredelemnul
The Shining One


Innate Abilities, Weirdness & Mutations

You cannot be hasted, slowed, berserked, paralysed or teleported.
You can dig through walls and to a lower floor.
You have a pair of large antennae on your head. (SInv)
Your four strong arms can wield two-handed weapons with a shield.


Message History

The wight completely misses you.
You shoot an arrow. The arrow closely misses the wight.
The wight closely misses you.
You shoot an arrow. The arrow closely misses the wight.
The wight hits you but does no damage.
You shoot an arrow. The arrow hits the wight.
You destroy the wight!
Your life force feels restored.
No target in view!
Things that are here:
a +0 great sword; a +0 robe You sense a monster nearby.
You shoot an arrow.
The arrow closely misses the swamp worm.
The swamp worm fires a harpoon shot at you.
The harpoon shot hits you but does no damage.
You shoot an arrow. The arrow hits the swamp worm!
The swamp worm is moderately wounded.
The swamp worm fires a harpoon shot at you.
The harpoon shot hits you!!
You are yanked forward by the harpoon shot.
A swamp worm comes into view.
You shoot an arrow. The arrow hits the swamp worm.
The swamp worm is moderately wounded.
The swamp worm bites you but does no damage.
You shoot an arrow.
The arrow closely misses the swamp worm.
The arrow hits the swamp worm!
The swamp worm is moderately wounded.
The swamp worm bites you!!
You are too injured to fight recklessly!
You are too injured to fight recklessly!
You are too injured to fight recklessly!
Okay, then.
Are you sure you want to shaft yourself?
The swamp worm bites you!
* * * LOW HITPOINT WARNING * * *
You begin to dig a shaft.
You continue digging a shaft.
The swamp worm bites you!
You die...

####### #~≈P~~≈~.###..##)#####
......# #~~~~~~~.........#
#####.# #~~~~~.........##
...)#.# #.......###...##
###.#.# #.....### ##.## #
#.#.# #.###.# #.# ###.#.#
##### #.# #.# ....[.#
#...#.###w# ##+## ###.###
#...#..)@w# ##...## ###.#
#...#.##### ##.....##
.##.#####...##### ##.......##
# ..#.#....#......#
#.........####
....'.....#.....#
+.........'...
..#.#......#....#
#.........####
.##.######'###+######.......##
# ###.# #....#......#......##
.##.# #.....#.....'.#...##


You could see 2 swamp worms.

Vanquished Creatures
  Joseph (D:7)
  Maggie (D:7)
  A wyvern (D:8)
  A steam dragon (D:4)
  Eustachio (D:6)
  2 water moccasins (D:8)
  2 ice beasts (D:7)
  A black bear (D:6)
  An ogre (Temple)
  A centaur (D:8)
  A kobold brigand (D:5)
  2 bullfrogs
  6 scorpions
  4 wights
  6 killer bees (D:8)
  A howler monkey (D:4)
  A crimson imp (D:7)
  A hound (D:4)
  An orc priest (D:5)
  A jelly (D:6)
  Crazy Yiuf (D:6)
  3 iguanas
  10 gnolls
  8 adders
  A shadow imp (D:5)
  An ufetubus (D:4)
  3 worms
  3 dart slugs
  14 orcs
  9 ball pythons
  5 endoplasms
  6 giant cockroaches
  10 goblins
  8 hobgoblins
  A jackal (D:4)
  11 kobolds
  6 quokkas
  8 bats
  7 frilled lizards
  7 rats
  A toadstool (D:2)
159 creatures vanquished.

Vanquished Creatures (others)
  2 fungi (D:2)
  3 plants (D:8)
  5 toadstools (D:2)
10 creatures vanquished.

Grand Total: 169 creatures vanquished

Notes
Turn   | Place    | Note
-------+----------+-------------------------------------------
     0 | D:1      | funnyparkerb the Formicid Hunter began the quest for the
                  | Orb.
     0 | D:1      | Reached XP level 1. HP: 16/16 MP: 1/1
    78 | D:1      | Reached XP level 2. HP: 22/22 MP: 2/2
   472 | D:1      | Reached XP level 3. HP: 21/27 MP: 3/3
   746 | D:2      | Reached skill level 5 in Ranged Weapons
   851 | D:2      | Reached XP level 4. HP: 27/33 MP: 4/4
  1165 | D:2      | Found a faded altar of an unknown god.
  1231 | D:2      | Reached skill level 6 in Ranged Weapons
  1231 | D:2      | Reached XP level 5. HP: 38/38 MP: 5/5
  1770 | D:3      | Identified the +4 dagger of the Yoke {pain, *Rage rF+ Will+
                  | MP+9}
  2457 | D:4      | Reached XP level 6. HP: 44/44 MP: 6/6
  2492 | D:4      | Noticed a steam dragon
  2566 | D:4      | Reached skill level 7 in Ranged Weapons
  2867 | D:4      | You fall into a shaft and drop 2 floors!
  3104 | D:5      | Entered Level 5 of the Dungeon
  3204 | D:5      | Found a staircase to the Ecumenical Temple.
  3213 | D:5      | Noticed an ogre
  3221 | Temple   | Entered the Ecumenical Temple
  3233 | Temple   | Killed an ogre
  3452 | D:5      | Reached XP level 7. HP: 50/50 MP: 7/7
  3460 | D:5      | Reached skill level 8 in Ranged Weapons
  3534 | D:5      | Identified a scroll of acquirement
  3534 | D:5      | Acquired the +2 pair of gloves of Dyspraxia {rC+}
  3701 | D:5      | Learned a level 3 spell: Portal Projectile
  3705 | D:5      | Learned a level 3 spell: Tukima's Dance
  3866 | D:4      | Reached skill level 1 in Hexes
  3898 | D:4      | Reached skill level 1 in Armour
  4016 | D:4      | Killed a steam dragon
  4310 | D:4      | Reached XP level 8. HP: 37/58 MP: 8/8
  5049 | D:5      | Reached skill level 5 in Hexes
  5366 | D:6      | Noticed Eustachio
  5379 | D:6      | Killed Eustachio
  5453 | D:6      | Found an opulent altar of Gozag.
  5453 | D:6      | Found an ancient bone altar of Kikubaaqudgha.
  5453 | D:6      | Found a sacrificial altar of Ru.
  5453 | D:6      | Found a snail-covered altar of Cheibriados.
  5485 | D:6      | Found a hazy altar of Hepliaklqana.
  5490 | D:6      | Found a white marble altar of Elyvilon.
  5536 | D:6      | Reached skill level 5 in Fighting
  5582 | D:6      | Found a runed translucent door.
  5583 | D:6      | Noticed Crazy Yiuf
  5595 | D:6      | Killed Crazy Yiuf
  5841 | D:7      | Reached XP level 9. HP: 67/68 MP: 9/9
  5862 | D:7      | Reached skill level 5 in Armour
  6045 | D:7      | Reached skill level 1 in Spellcasting
  6045 | D:7      | Reached skill level 1 in Translocations
  6150 | D:7      | Noticed Joseph
  6158 | D:7      | Killed Joseph
  6558 | D:7      | Found a burning altar of Makhleb.
  6560 | D:7      | Found a radiant altar of Vehumet.
  6662 | D:7      | Noticed Maggie
  6691 | D:7      | Killed Maggie
  6970 | D:7      | Noticed a moth of wrath
  6972 | D:7      | Found a bloodstained altar of Trog.
  7967 | D:8      | Reached skill level 5 in Spellcasting
  8093 | D:8      | Reached XP level 10. HP: 68/76 MP: 17/17
  8157 | D:8      | Reached skill level 5 in Translocations
  9011 | D:8      | Slain by a swamp worm

Illustrated notes

Levels and vault maps discovered:
D:1:      minmay_arrival_jagged, layout_basic, due_unseen_surprise
D:2:      layout_basic, shapermc_ecumenical_altar_pompeii,
          minmay_gold_behind_fungi
D:3:      layout_loops_ring
D:4:      layout_rooms, grunt_ministairs_15, minmay_quadrilaterals
D:5:      layout_basic, minmay_temple_entry_offerings
D:6:      layout_rooms, minmay_overflow_temple_hex, kennysheep_small_square,
          uniq_eustachio, uniq_crazy_yiuf_cottage
D:7:      layout_loops_ring, grunt_temple_overflow_lords_of_destruction,
          tgw_trog, uniq_maggie, uniq_joseph
D:8:      layout_loops_corners, nicolae_wu_jian_wuxing_cycle,
          roderic_malta_cross, hangedman_abyss_or_decor_clamps, worms_lemuel
Temple:   hellmonk_temple_rainy

Skill      XL: |  1  2  3  4  5  6  7  8  9 10 |
---------------+-------------------------------+-----
Ranged Weapons | 5 6 7 8 |  8.3
Hexes          | 3 5 |  5.0
Armour         | 2 4 5 |  5.6
Fighting       | 3 5 6 |  6.3
Spellcasting   | 5 |  5.0
Translocations | 4 5 |  5.0
Dodging        | |  1.7
Stealth        | |  1.2

Action                   |  1- 3 |  4- 6 |  7- 9 | 10-12 || total
-------------------------+-------+-------+-------+-------++-------
Melee: Shortbow          |     2 |     3 |       |       ||     5
 Fire: Shortbow          |    86 |   205 |   275 |    54 ||   620
 Abil: Dig               |     7 |       |       |       ||     7
       Shaft Self        |       |     1 |       |     1 ||     2
Evoke: Wand              |       |     3 |     9 |       ||    12
  Use: Potion            |       |     6 |     1 |       ||     7
       Scroll            |       |       |    19 |       ||    19
Armor: Ring mail         |     7 |    59 |       |       ||    66
       Scale mail        |       |     3 |       |       ||     3
       Chain mail        |       |       |   160 |     4 ||   164
       Steam dragon scal |       |       |       |    14 ||    14
Dodge: Dodged            |    16 |    93 |    99 |    29 ||   237
